 Dungeon Crawl Stone Soup version 0.20-a0-903-g7e3609c (webtiles) character file.

1712 FrozenPanda the Skirmisher (level 8, -2/62 HPs)
             Began as a Demonspawn Warper on Mar 16, 2017.
             Was a Follower of Okawaru.
             Killed by divine providence
             ... invoked by an orc priest
              (11 damage)
             ... on level 5 of the Dungeon on Mar 20, 2017.
             The game lasted 00:18:52 (8813 turns).

FrozenPanda the Skirmisher (Demonspawn Warper)      Turns: 8813, Time: 00:18:55

Health: -2/62      AC:  9    Str: 11    XL:     8   Next: 74%
Magic:  12/13      EV: 18    Int: 15    God:    Okawaru [*.....]
Gold:   270        SH:  4    Dex: 15    Spells: 11/13 levels left

rFire    . . .     SeeInvis +   a - +0 falchion
rCold    . . .     Gourm    .   q - +3 leather armour {MR+}
rNeg     . . .     Faith    .   (no shield)
rPois    .         Spirit   .   (no helmet)
rElec    .         Reflect  .   (no cloak)
rCorr    .         Harm     .   (no gloves)
MR       +....                  p - +1 pair of boots
Stlth    ++++......             u - amulet of rage
Regen    0.2/turn               (no ring)
MPRegen  0.2/turn               g - ring of see invisible

@: heroism
A: large bone plates 1, powered by pain 2, rot immunity
a: Heroism, Renounce Religion, Evoke Berserk Rage


You were on level 5 of the Dungeon.
You worshipped Okawaru.
Okawaru was aware of your devotion.
You were not hungry.

You visited 2 branches of the dungeon, and saw 7 of its levels.

You collected 270 gold pieces.

Inventory:

Hand Weapons
 a - a +0 falchion (weapon)
Armour
 p - a +1 pair of boots (worn)
 q - a +3 leather armour of magic resistance (worn)
Jewellery
 g - a ring of see invisible (left hand)
 j - an uncursed ring of fire
 u - an amulet of rage (around neck)
Wands
 e - a wand of random effects (18/48)
Scrolls
 b - a scroll of fog {unknown}
 d - 2 scrolls of blinking
 l - 2 scrolls of teleportation
 m - 4 scrolls of amnesia
 n - a scroll of identify
 w - a scroll of remove curse
Potions
 k - 2 potions of magic
 o - 2 potions of might
 r - a potion of resistance
 s - a potion of flight
 v - 2 potions of cancellation {unknown}
Books
 c - a book of Spatial Translocations

   Spells                             Type                      Level
   a - Blink                          Translocation                2
   b - Shroud of Golubria             Charms/Translocation         2
   c - Lesser Beckoning               Translocation                3
   d - Gell's Gravitas                Translocation                3
   e - Teleport Other                 Translocation                3
   f - Passage of Golubria            Translocation                4
Comestibles
 f - 2 bread rations
 h - 10 fruits
 i - 3 royal jellies
 t - 2 meat rations


   Skills:
 + Level 5.3(10.3) Fighting
 + Level 5.0(10.0) Long Blades
 - Level 0.8(5.8) Throwing
 - Level 0.8(5.8) Armour
 + Level 5.0(10.0) Dodging
 - Level 2.8(7.8) Stealth
 - Level 3.3 Spellcasting
 - Level 4.0 Translocations
 - Level 5.0 Invocations


You had 11 spell levels left.
You knew the following spells:

 Your Spells              Type           Power        Failure   Level  Hunger
b - Blink                 Tloc           N/A          10%         2    ##.....


Dungeon Overview and Level Annotations

Branches:
Dungeon (6/15)             Temple (1/1) D:4

Altars:
Ashenzari
Cheibriados
Dithmenos
Elyvilon
Fedhas
Gozag
Hepliaklqana
Kikubaaqudgha
Makhleb
Nemelex Xobeh
Okawaru
Qazlal
Ru
Trog
Uskayaw
Vehumet
Wu Jian
Xom
Yredelemnul
Zin
The Shining One


Innate Abilities, Weirdness & Mutations

You are partially covered in large bone plates. (SH +4)
You sometimes gain power by taking damage.
You are immune to rotting.


Message History

* * * LOW HITPOINT WARNING * * *
You hit the orc priest.
The orc priest is almost dead.
The orc priest barely misses you. The orc wizard misses you.
You riposte.
You hit the orc wizard.
The orc wizard is moderately wounded.
The orc wizard points at you and mumbles some strange words.
The puff of flame hits you!
* * * LOW HITPOINT WARNING * * *
You hit the orc priest but do no damage.
The orc priest is almost dead.
The orc priest barely misses you.
The orc wizard hits you but does no damage.
You barely miss the orc priest.
The orc priest is almost dead.
The orc wizard completely misses you.
You riposte.
You slash the orc wizard!
The orc wizard is heavily wounded.
The orc priest calls down the wrath of Beogh upon you.
Beogh smites you!
You die...

..# ##..# #.######### ..#
#...# #.# # ..#
#.#..###.# # ###
#.##.....## # #.##......#
# #####.........# #
#...)......_..# #
#.###oo.......# # #.#
#@_..8....# # #.#
#o........# # #.#
#......_..# # #.#
#.........#
#.###.##...#..#
#.##..######.## #.##.##
#..#
############.#..######.##
.............[.........#


You could see an orc priest and 2 orc wizards.

Vanquished Creatures
  Grinder (D:3)
  Duvessa (D:6)
  2 ice beasts (D:5)
  A sky beast (D:5)
  An ogre (D:5)
  2 centaurs (D:5)
  Dowan (D:6)
  A vampire bat (D:3)
  A crimson imp (D:5)
  2 orc priests
  3 iron imps (D:5)
  A hound (D:5)
  2 jellies
  A bullfrog skeleton (D:5)
  An orc wizard (D:4)
  5 iguanas
  A worker ant (D:5)
  A killer bee zombie (D:5)
  7 adders
  3 gnolls (D:5)
  2 shadow imps
  3 worms
  A dart slug (D:1)
  3 fire bats (D:3)
  6 leopard geckos
  10 orcs
  2 spectral bats (D:3)
  13 bats
  3 bat skeletons (D:3)
  A bat zombie (D:3)
  5 giant cockroaches
  8 goblins
  12 hobgoblins
  4 jackals (D:4)
  3 quokkas
  3 ball pythons
  A bat simulacrum (D:3)
  9 frilled lizards
  8 kobolds
  3 leopard gecko skeletons
  A quokka skeleton (D:4)
  7 rats
146 creatures vanquished.

Notes
Turn   | Place    | Note
-------+----------+-------------------------------------------
     0 | D:1      | FrozenPanda the Demonspawn Warper began the quest for the Orb.
     0 | D:1      | Reached XP level 1. HP: 16/16 MP: 3/3
   290 | D:1      | Reached skill level 1 in Stealth
   384 | D:1      | Gained mutation: You sometimes gain a little power by taking damage. [demonic ancestry]
   384 | D:1      | Reached XP level 2. HP: 22/22 MP: 5/5
  1108 | D:1      | Gained mutation: You sometimes gain power by taking damage. [demonic ancestry]
  1108 | D:1      | Reached XP level 3. HP: 27/27 MP: 6/6
  1618 | D:2      | Learned a level 2 spell: Blink
  2580 | D:3      | Found a shadowy altar of Dithmenos.
  2599 | D:3      | Reached XP level 4. HP: 10/34 MP: 7/7
  2920 | D:3      | Found a white marble altar of Elyvilon.
  3832 | D:3      | Noticed Grinder
  3848 | D:3      | Paralysed by Grinder for 3 turns
  3866 | D:3      | Killed Grinder
  3866 | D:3      | Gained mutation: You are partially covered in large bone plates. (SH +4) [demonic ancestry]
  3866 | D:3      | Reached XP level 5. HP: 41/41 MP: 9/9
  3866 | D:3      | Reached XP level 6. HP: 47/47 MP: 10/10
  4537 | D:4      | Found a staircase to the Ecumenical Temple.
  4622 | Temple   | Entered the Ecumenical Temple
  4697 | Temple   | Became a worshipper of Warmaster Okawaru
  4753 | D:4      | Gained mutation: You are immune to rotting. [demonic ancestry]
  4753 | D:4      | Reached XP level 7. HP: 48/52 MP: 12/12
  4957 | D:4      | Reached skill level 1 in Invocations
  5414 | D:4      | Found a sparkling altar of Nemelex Xobeh.
  5743 | D:5      | Entered Level 5 of the Dungeon
  6257 | D:5      | Found a hide-covered altar of Uskayaw.
  6311 | D:5      | You fall through a shaft!
  6311 | D:6      | Noticed Duvessa
  6311 | D:6      | Noticed Dowan
  6834 | D:6      | Killed Duvessa
  6834 | D:6      | Reached * piety under Okawaru
  6852 | D:6      | Killed Dowan
  7236 | D:5      | Reached XP level 8. HP: 47/61 MP: 13/13
  7992 | D:5      | Reached skill level 5 in Fighting
  8029 | D:5      | Upgraded the game from 0.20-a0-893-g832831a to 0.20-a0-903-g7e3609c
  8266 | D:5      | Paralysed by a crimson imp for 3 turns
  8315 | D:5      | Paralysed by a crimson imp for 2 turns
  8324 | D:5      | Paralysed by a crimson imp for 3 turns
  8379 | D:5      | Found a stormy altar of Qazlal.
  8426 | D:5      | Found a blossoming altar of Fedhas.
  8428 | D:5      | Found a sacrificial altar of Ru.
  8493 | D:5      | Found a burning altar of Makhleb.
  8556 | D:5      | Reached skill level 5 in Long Blades
  8564 | D:5      | Reached skill level 5 in Dodging
  8564 | D:5      | Reached skill level 5 in Invocations
  8813 | D:5      | Killed from afar by an orc priest

Vault maps used:
D:1:      evilmike_arrival_crescent
D:2:      first_bread
D:3:      grunt_dithmenos_smoke, old_standard_altar, serial_bayou,
          serial_bayou_ford_a, serial_bayou_pond_d, serial_bayou_crossing,
          serial_bayou_shore_b, goddamned_bats, uniq_grinder
D:4:      kennysheep_little_box, minmay_temple_entry_mist
D:5:      minmay_opposing_rooms, eat_drink_and_be_merry_uskayaw,
          grunt_temple_overflow_open, demons_altar
D:6:      wad_pebble_path, hangedman_decor_riveting, uniq_duvessa
Temple:   dshaligram_water_room_temple

Skill      XL: |  1  2  3  4  5  6  7  8 |
---------------+-------------------------+-----
Stealth        | 1 2 |  2.8
Long Blades    | 2 3 4 5 |  5.0
Dodging        | 2 3 4 5 |  5.0
Fighting       | 3 4 5 |  5.3
Spellcasting   | 3 |  3.3
Invocations    | 3 5 |  5.0
Translocations | 3 4 |  4.0
Throwing       | |  0.8
Armour         | |  0.8

Action                   |  1- 3 |  4- 6 |  7- 9 || total
-------------------------+-------+-------+-------++-------
Melee: Falchion          |   164 |   212 |   391 ||   767
       Punch             |       |       |     1 ||     1
Invok: Heroism           |       |       |     3 ||     3
 Abil: Evoke Berserk Rag |       |     1 |     7 ||     8
  Use: Scroll            |     2 |       |    10 ||    12
       Potion            |     1 |     4 |     3 ||     8
 Stab: Sleeping          |     3 |     4 |     4 ||    11
  Eat: Chunk             |     5 |     8 |    12 ||    25
       Bread ration      |       |       |     1 ||     1
       Royal jelly       |       |       |     2 ||     2
Armor: Leather armour    |    47 |    80 |    99 ||   226
       Skin              |       |    12 |       ||    12
Dodge: Dodged            |   131 |   184 |   259 ||   574
Block: Other             |       |    38 |    58 ||    96
       Rpst.: Falchion   |    42 |    61 |    92 ||   195
